 Dungeon Crawl Stone Soup version 0.21-a0-404-g291f19a (webtiles) character file.

48 IceWhale the Ruffian (level 3, 0/37 HPs)
             Began as a Troll Monk on Oct 27, 2017.
             Slain by an adder (5 damage)
             ... on level 2 of the Dungeon.
             The game lasted 00:02:18 (594 turns).

IceWhale the Ruffian (Troll Monk)                    Turns: 594, Time: 00:02:19

Health: 0/37       AC:  1    Str: 19    XL:     3   Next: 50%
Magic:  2/2        EV: 11    Int:  6    God:
Gold:   42         SH:  0    Dex: 13    Spells: 2/2 levels left

rFire    . . .     SeeInvis .     - Unarmed
rCold    + . .     Gourm    +   (no shield)
rNeg     . . .     Faith    .   a - +0 robe
rPois    .         Spirit   .   (helmet restricted)
rElec    .         Reflect  .   (no cloak)
rCorr    .         Harm     .   (gloves unavailable)
MR       .....                  (boots unavailable)
Stlth    ++........             (no amulet)
HPRegen  0.52/turn              c - ring of protection from cold
MPRegen  0.08/turn              (no ring)

@: lethally poisoned (0 -> -1), corroded
A: unfitting armour, claws 3, fast metabolism 3, gourmand, regeneration 1,
shaggy fur 1, tough skin 2
a: no special abilities


You were on level 2 of the Dungeon.
You were completely stuffed.

You visited 1 branch of the dungeon, and saw 2 of its levels.

You collected 42 gold pieces.

Inventory:

Armour
 a - a +0 robe (worn)
Jewellery
 c - a ring of protection from cold (left claw)
Scrolls
 d - 2 scrolls of identify {unknown}
 e - a scroll of fog {unknown}
Potions
 h - a potion of heal wounds {unknown}
Comestibles
 b - 2 bread rations
 f - 2 fruits
 g - 2 chunks of flesh


   Skills:
 * Level 3.0 Fighting
 + Level 2.7 Dodging
 + Level 1.1 Stealth
 * Level 3.6 Unarmed Combat


You had 2 spell levels left.
You didn't know any spells.

Dungeon Overview and Level Annotations

Branches:
Dungeon (2/15)

Altars:
Xom


Innate Abilities, Weirdness & Mutations

You are too large for most types of armour.
You have claws for hands.
Your metabolism is lightning-fast.
You like to eat raw meat.
Your natural rate of healing is unusually fast.
You are covered in fur. (AC +1)
You have very tough skin. (AC +2)


Message History

Increase (S)trength, (I)ntelligence, or (D)exterity?
You feel agile.
You feel stronger.
You feel sick. The adder bites you. x2
You barely miss the adder. The adder barely misses you. The adder bites you.
* * * LOW HITPOINT WARNING * * *
You are more poisoned.
The adder poisons you!
You scratch the adder.
The adder is moderately wounded.
You feel sick. The adder closely misses you.
The adder bites you but does no damage. The adder bites you.
* * * LOW HITPOINT WARNING * * *
You scratch the adder.
The adder is almost dead.
You feel sick. The adder barely misses you. x2
You're too full to eat anything.
You scratch the adder but do no damage.
The adder is almost dead.
You feel sick. The adder barely misses you. The adder bites you.
You die...

. .g.. .. .. ##.. ....
.#... ..# #.#.. ....###
##.#####..... ......###
#............
....#...####........?...
.................S......
....####.##.....@S......
....# #.###...>........
....# #.# #............
....# #.###.........^^.
)...####.............^_.
......##...........#.^^.
#............#..........
.#.รท......######........
.<......#..... ....


You could see 2 adders.

Vanquished Creatures
  A jelly (D:2)
  A dart slug (D:1)
  A giant cockroach (D:2)
  3 goblins (D:1)
  2 hobgoblins
  2 jackals (D:1)
  A bat (D:2)
  A frilled lizard (D:2)
  3 kobolds
  A rat (D:2)
16 creatures vanquished.

Notes
Turn   | Place    | Note
-------+----------+-------------------------------------------
     0 | D:1      | IceWhale the Troll Monk began the quest for the Orb.
     0 | D:1      | Reached XP level 1. HP: 22/22 MP: 0/0
   111 | D:1      | Reached XP level 2. HP: 29/29 MP: 1/1
   587 | D:2      | Found a shimmering altar of Xom.
   590 | D:2      | Reached XP level 3. HP: 16/37 MP: 2/2
   594 | D:2      | Slain by an adder

Vault maps used:
D:1:      dpeg_arrival_long_road
D:2:      serial_curves, eino_curves_03, eino_curves_01, kennysheep_nub,
          xom_teletrap_fun, uniq_sigmund

Skill      XL: |  1  2 |
---------------+-------+-----
Fighting       | 3 |  3.0
Dodging        | |  2.7
Stealth        | |  1.1
Unarmed Combat | |  3.6

Action                   || total
-------------------------++-------
Melee: Unarmed           ||    35
 Stab: Sleeping          ||     1
  Eat: Chunk             ||    11
Armor: Robe              ||     7
Dodge: Dodged            ||    21

Table legend:
 A = Spawn XP
 B = Non-spawn XP
 C = Spawn XP percentage of total XP
 D = Spawn monster count
 E = Non-spawn monster count
 F = Spawn count percentage of total count
 G = Total turns spent on level
                    A         B        C        D         E        F      G
               +---------+---------+-------+---------+---------+-------+---------
         Total |       0 |      69 |   0.0 |       0 |      16 |   0.0 |   594
               +---------+---------+-------+---------+---------+-------+---------
           D:1 |       0 |      18 |   0.0 |       0 |       9 |   0.0 |   531
           D:2 |       0 |      51 |   0.0 |       0 |       7 |   0.0 |    63
               +---------+---------+-------+---------+---------+-------+---------
